 Dungeon Crawl Stone Soup version 0.31.0-11-ge490571c62 (webtiles) character file.

Game seed: 4795922514874324738

17844 javelincjr the Fighter (level 12, -17/91 HPs)
             Began as a Djinni Fire Elementalist on Jan 26, 2024.
             Was a Priest of Qazlal.
             Killed from afar by a molten gargoyle (26 damage)
             ... with a bolt of magma
             ... in a volcano on Jan 29, 2024.
             The game lasted 01:25:00 (13829 turns).

javelincjr the Fighter (Djinni Fire Elementalist)  Turns: 13829, Time: 01:25:03

Health: -17/91     AC:  5    Str:  7    XL:     12   Next: 87%
Gold:   592        EV: 15    Int: 21    God:    Qazlal [***...] SH:  3 Dex: 15

rFire   + + .        j - +7 great mace "Undeadhunter" {deathbane, rN+}
rCold   x . .        (shield currently unavailable)
rNeg    + . .        M - +0 troll leather armour
rPois   ∞            r - +0 helmet
rElec   .            L - +0 cloak
rCorr   .            (no gloves)
SInv    .            (boots unavailable)
Will    ++...        (no amulet)
Stlth   +            k - +4 ring of slaying
HPRegen 1.15/turn    u - ring of willpower
MPRegen 0.00/turn

%: infuse magic (-18 HP)
@: flying
A: sickness immunity, fire resistance 2, cold vulnerability 1, float, innate
caster, HP casting, extra vitality 1
a: Renounce Religion, Upheaval, Elemental Force


You were in a volcano.
You worshipped Qazlal.
Qazlal was most pleased with you.
You visited 3 branches of the dungeon, and saw 13 of its levels.
You also visited: Volcano.

You collected 592 gold pieces.

Inventory:

Hand Weapons
 d - a +0 short sword of flaming
 i - a +1 dagger of distortion
 j - the +7 great mace "Undeadhunter" (weapon) {deathbane, rN+}
   (You found it on level 2 of the Dungeon)

   rN+:       It protects you from negative energy.
 o - a +2 dagger of holy wrath
 G - a +2 vampiric trident
Missiles
 y - 4 throwing nets
 C - 6 silver javelins
 E - 8 curare-tipped darts
Armour
 a - a +0 robe
 r - a +0 helmet (worn)
 x - a +0 buckler
 I - a +0 kite shield
 L - a +0 cloak (worn)
 M - a +0 troll leather armour (worn)
 N - the +3 ring mail of Going Fast {Harm Slay+2}
   (You found it on level 9 of the Dungeon)

   Slay+2:    It affects your accuracy & damage with ranged weapons and melee
   (+2).
   Harm:      It increases damage dealt and taken.
 P - a +0 robe of resistance
 S - +2 swamp dragon scales
 Y - the +2 ring mail of Enicejit {Rampage rN++}
   (You found it on level 2 of the Lair of Beasts)

   rN++:      It greatly protects you from negative energy.
   Rampage:   It bestows one free step when moving towards enemies.
Magical Staves
 m - a staff of fire
 n - a staff of conjuration
 K - a staff of earth
Jewellery
 k - a +4 ring of slaying (left hand)
 u - a ring of willpower (right hand)
 O - a ring of ice
Talismans
 c - a serpent talisman
 q - a maw talisman
Wands
 f - a wand of mindburst (13)
 w - a wand of charming (5)
 U - a wand of flame (9)
Scrolls
 e - 3 scrolls of vulnerability
 g - 2 scrolls of brand weapon
 l - a scroll of fear
 s - 4 scrolls of immolation
 v - 2 scrolls of fog
 B - 3 scrolls of poison
 H - 3 scrolls of revelation
 Q - a scroll of teleportation
Potions
 b - 2 potions of curing
 h - a potion of might
 p - a potion of resistance
 t - a potion of invisibility
 z - a potion of degeneration {unknown}
 A - a potion of haste {unknown}
 F - 2 potions of mutation
 J - a potion of cancellation {unknown}
 R - a potion of enlightenment {unknown}
 W - a potion of heal wounds
 X - a potion of lignification {unknown}
Miscellaneous
 D - a box of beasts (inert)


   Skills:
 * Level 10.1 Fighting
 + Level 5.5 Maces & Flails
 + Level 2.2 Armour
 + Level 8.0 Dodging
 - Level 1.5 Stealth
 + Level 4.3 Shields
 * Level 8.4 Spellcasting
 * Level 8.4 Conjurations
 * Level 8.4 Hexes
 * Level 8.4 Summonings
 * Level 8.4 Necromancy
 * Level 8.4 Translocations
 * Level 8.4 Fire Magic
 * Level 8.4 Ice Magic
 * Level 8.4 Air Magic
 * Level 8.4 Earth Magic
 * Level 8.4 Alchemy
 + Level 0.3 Invocations
 + Level 6.7 Evocations
 + Level 5.3 Shapeshifting


You knew the following spells:

 Your Spells              Type           Power      Damage    Failure   Level
a - Foxfire               Conj/Fire      100%       2x1d9     1%          1
b - Scorch                Fire           88%        2d8       1%          2
c - Volatile Blastmotes   Fire/Tloc      88%        2d17      1%          3
d - Inner Flame           Hex/Fire       44%        N/A       1%          3
e - Flame Wave            Conj/Fire      44%        2d11      3%          4
f - Sting                 Conj/Alch      100%       1d9       1%          1
g - Call Imp              Summ           88%        N/A       1%          2
h - Tukima's Dance        Hex            44%        N/A       1%          3
i - Anguish               Hex/Necr       22%        N/A       3%          4
j - Iskenderun's Mystic   Conj/Tloc      44%        2d10      3%          4
Your spell library was empty.

Dungeon Overview and Level Annotations

Branches:
Dungeon (10/15)            Temple (1/1) D:5            Lair (2/5) D:10
 Shoals (0/4) Lair:2       Spider (0/4) Lair:2      Volcano (1/1)
    Orc: D:9-12

Altars:
Ashenzari
Cheibriados
Dithmenos
Elyvilon
Fedhas
Gozag
Hepliaklqana
Makhleb
Nemelex Xobeh
Okawaru
Qazlal
Ru
Trog
Uskayaw
Wu Jian
Xom
Yredelemnul
Zin
The Shining One

Shops:
D:4 **   D:6 (


Innate Abilities, Weirdness & Mutations

You are immune to sickness and miasma.
You are immune to poison.
Your flesh is very heat resistant. (rF++)
You are vulnerable to cold. (rC-)
You float through the air rather than walking.
You learn spells naturally, not from books.
Your magical power is your life essence.
You have superior vitality. (+4 MHP)


Message History

Aim: a molten gargoyle, wielding a +0 morningstar (lightly damaged, chance to affect: 33%)
The +0 morningstar dances into the air!
Casting: Tukima's Dance (safe; 1% risk of failure)
Confirm with . or Enter, or press ? or * to list all spells.
You erupt in a blast of force!
The mystic blast hits the gargoyle.
The gargoyle is lightly damaged.
The gargoyle is knocked back by the mystic blast.
The gargoyle collides with your +0 morningstar!
The +0 morningstar is heavily damaged.
The mystic blast hits the molten gargoyle but does no damage.
The molten gargoyle is lightly damaged.
The hell knight prays to its god.
The hell knight blinks!
The molten gargoyle hits you!
You are engulfed in flames.
You resist.
The hell knight utters an invocation to its god.
The hell knight blinks!
The molten gargoyle blasts magma at you!
The bolt of magma misses you.
Casting: Iskenderun's Mystic Blast (dangerous; 3% risk of failure)
Confirm with . or Enter, or press ? or * to list all spells.
You erupt in a blast of force!
The mystic blast hits the hell knight but does no damage.
The hell knight is almost dead.
The mystic blast hits the molten gargoyle but does no damage.
The molten gargoyle blasts magma at you!
The bolt of magma hits you!! You partially resist.
* * * LOW HITPOINT WARNING * * *
Casting: Iskenderun's Mystic Blast (dangerous; 3% risk of failure)
Confirm with . or Enter, or press ? or * to list all spells.
You erupt in a blast of force!
The mystic blast hits the gargoyle.
The gargoyle is moderately damaged.
The gargoyle is knocked back by the mystic blast.
The mystic blast hits the molten gargoyle but does no damage.
The mystic blast hits the hell knight.
The hell knight is almost dead.
The hell knight is knocked back by the mystic blast.
* * * LOW HITPOINT WARNING * * *
The molten gargoyle blasts magma at you!
The bolt of magma hits you!! You partially resist.
You die...

##''#++##
###############.....####
#~~...)........8...8....
#~~.......)....†%⌠......
###..##########.....####
#.)# ###### #.....# #..#
#.##.# #8...8#
#..###'##'#########
#.....p.@.).9.#
#.........9(..#
############)'# °...#
..☼#.# ..#○~§# ..#~~§~~
.#~ ~~~~#~ 9#§ ~p~~ ~~


You could see a hell knight (poisoned), a molten gargoyle, a gargoyle and a +0
morningstar (distracted).

Vanquished Creatures
  A skyshark (Lair:2)
  Sonja (Lair:2)
  A flayed ghost (D:9)
  An oklob plant (D:10)
  3 salamanders (Volcano)
  2 black mambas (Lair:1)
  A molten gargoyle (Volcano)
  2 cane toads (Lair:1)
  Maggie (D:10)
  A rime drake (Lair:2)
  A kobold demonologist (D:8)
  An efreet (Volcano)
  A komodo dragon (Lair:2)
  2 trolls (D:9)
  A hornet (D:9)
  Grinder (D:3)
  5 wraiths (D:9)
  A dancing weapon (Volcano)
  4 fire bats (D:9)
  21 yaks
  2 steam dragons
  Edmund (D:5)
  3 water moccasins (Lair:1)
  2 orc warriors
  2 ogres (D:5)
  12 wolves
  3 centaurs
  A phantom (D:6)
  15 kobold brigands
  7 bullfrogs
  A gnoll sergeant (D:7)
  4 scorpions
  12 wights
  5 killer bees (D:10)
  A howler monkey (D:5)
  A bombardier beetle (D:4)
  2 jellies
  4 orc priests
  2 hounds
  3 sleepcaps
  A gnoll bouda (D:8)
  An iguana (D:7)
  10 orc wizards
  Robin (D:4)
  6 adders
  11 gnolls
  A shadow imp (D:6)
  A white imp (D:6)
  2 ufetubi (D:6)
  3 dart slugs (D:1)
  A ribbon worm (D:2)
  25 orcs
  9 endoplasms
  2 giant cockroaches
  11 goblins
  10 hobgoblins
  8 jackals
  3 quokkas
  3 training dummies (D:6)
  6 ball pythons
  14 bats
  3 frilled lizards (D:2)
  15 kobolds
  6 rats
288 creatures vanquished.

Vanquished Creatures (collateral kills)
  A gargoyle (Volcano)
  An orc warrior (D:9)
  An ogre (D:6)
  A centaur (D:9)
  A kobold brigand (D:8)
  A scorpion (D:5)
  2 wights (D:8)
  An orc priest (D:10)
  An iguana (D:7)
  2 orc wizards
  A gnoll (D:7)
  2 ribbon worms
  5 orcs
  3 goblins (D:4)
  2 hobgoblins (D:4)
  7 kobolds
  2 foxfires (D:10)
34 creatures vanquished.

Vanquished Creatures (others)
  25 dancing weapons
  An ogre (D:6)
  A kobold brigand (D:7)
  625 foxfires
652 creatures vanquished.

Grand Total: 974 creatures vanquished

Notes
Turn   | Place    | Note
-------+----------+-------------------------------------------
     0 | D:1      | javelincjr the Djinni Fire Elementalist began the quest for
                  | the Orb.
     0 | D:1      | javelincjr set off with the following spells memorised:
                  | Foxfire, Scorch, Volatile Blastmotes, Inner Flame, Flame
                  | Wave.
     0 | D:1      | Reached XP level 1. HP: 15/15 MP: 0/0
    54 | D:1      | Reached XP level 2. HP: 17/22 MP: 0/0
   226 | D:1      | Reached skill level 1 in Fighting
   493 | D:1      | Reached XP level 3. HP: 24/27 MP: 0/0
   493 | D:1      | Learned a level 1 spell: Sting
  1306 | D:2      | Reached skill level 1 in Armour
  1523 | D:2      | Reached XP level 4. HP: 28/33 MP: 0/0
  1527 | D:2      | Reached skill level 2 in Fighting
  1995 | D:2      | Found the +7 great mace "Undeadhunter" {deathbane, rN+}
  2092 | D:2      | Reached XP level 5. HP: 38/38 MP: 0/0
  2092 | D:2      | Learned a level 2 spell: Call Imp
  2340 | D:3      | Found a faded altar of an unknown god.
  2975 | D:3      | Found a faded altar of an unknown god.
  2982 | D:3      | Found an iron altar of Okawaru.
  3129 | D:3      | Noticed Grinder
  3135 | D:3      | Killed Grinder
  3136 | D:3      | Reached skill level 3 in Fighting
  3136 | D:3      | Reached skill level 1 in Maces & Flails
  3136 | D:3      | Reached skill level 1 in Evocations
  3136 | D:3      | Reached XP level 6. HP: 31/46 MP: 0/0
  3344 | D:4      | Reached XP level 7. HP: 46/50 MP: 0/0
  3344 | D:4      | Learned a level 3 spell: Tukima's Dance
  3418 | D:4      | Found Giple's Specific Store.
  3420 | D:4      | Found Awesso's General Store.
  3610 | D:4      | Noticed Robin
  3615 | D:4      | Killed Robin
  4245 | D:4      | HP: 2/50 [orc priest/+0 heavy hand axe (11)]
  4877 | D:5      | Entered Level 5 of the Dungeon
  5139 | D:5      | Found a hazy altar of Hepliaklqana.
  5222 | D:5      | Noticed Edmund
  5232 | D:5      | Killed Edmund
  5233 | D:5      | Reached skill level 4 in Fighting
  5233 | D:5      | Reached skill level 1 in Shapeshifting
  5233 | D:5      | Reached XP level 8. HP: 35/58 MP: 0/0
  6033 | D:5      | Found a staircase to the Ecumenical Temple.
  6372 | D:6      | Found Etuoqepn's Firing Range.
  6403 | D:6      | Reached skill level 5 in Fighting
  6403 | D:6      | Reached skill level 5 in Spellcasting
  6403 | D:6      | Reached skill level 5 in Conjurations
  6403 | D:6      | Reached skill level 5 in Hexes
  6403 | D:6      | Reached skill level 5 in Summonings
  6403 | D:6      | Reached skill level 5 in Necromancy
  6403 | D:6      | Reached skill level 5 in Translocations
  6403 | D:6      | Reached skill level 5 in Fire Magic
  6403 | D:6      | Reached skill level 5 in Ice Magic
  6403 | D:6      | Reached skill level 5 in Air Magic
  6403 | D:6      | Reached skill level 5 in Earth Magic
  6403 | D:6      | Reached skill level 5 in Alchemy
  6518 | D:6      | Found a burning altar of Makhleb.
  6518 | D:6      | Found a glowing golden altar of the Shining One.
  6634 | D:6      | Reached XP level 9. HP: 60/65 MP: 0/0
  6634 | D:6      | Learned a level 4 spell: Anguish
  7558 | D:7      | Reached skill level 5 in Dodging
  8008 | D:7      | Reached skill level 6 in Fighting
  9272 | D:8      | Reached XP level 10. HP: 63/73 MP: 0/0
  9507 | D:8      | Reached skill level 7 in Fighting
  9513 | D:8      | HP: 2/75 [kobold brigand/+0 whip (6)]
  9525 | D:8      | Noticed a kobold demonologist
  9537 | D:8      | HP: 3/75 [kobold demonologist/+0 dagger (3)]
  9540 | D:8      | Killed a kobold demonologist
 10324 | Temple   | Entered the Ecumenical Temple
 10360 | Temple   | Became a worshipper of Qazlal Stormbringer
 10563 | D:9      | Found a shadowy altar of Dithmenos.
 10563 | D:9      | Found a sparkling altar of Nemelex Xobeh.
 10638 | D:9      | Reached skill level 5 in Evocations
 10642 | D:9      | Found a runed translucent door.
 10658 | D:9      | Reached skill level 1 in Shields
 10669 | D:9      | Noticed a flayed ghost
 10671 | D:9      | Found an ornate altar of the Wu Jian Council.
 10687 | D:9      | Found a sacrificial altar of Ru.
 10700 | D:9      | Found a basalt altar of Yredelemnul.
 10718 | D:9      | Reached XP level 11. HP: 81/81 MP: 0/0
 10718 | D:9      | Learned a level 4 spell: Iskenderun's Mystic Blast
 10761 | D:9      | Reached skill level 8 in Fighting
 10775 | D:9      | Found a snail-covered altar of Cheibriados.
 10817 | D:9      | Found a snail-covered altar of Cheibriados.
 10844 | D:9      | Killed a flayed ghost
 11016 | D:9      | Identified the +3 ring mail of Going Fast {Harm Slay+2}
 11167 | D:9      | Found a broken altar of Ashenzari.
 11239 | D:9      | Reached * piety under Qazlal
 11750 | D:10     | Entered Level 10 of the Dungeon
 11758 | D:10     | Found a staircase to the Lair.
 11789 | D:10     | Identified the +2 leather armour of the Orb {-Cast Rampage
                  | Fly rF+}
 11816 | D:10     | Noticed Maggie
 11835 | D:10     | Killed Maggie
 11898 | D:10     | Reached skill level 9 in Fighting
 12069 | D:10     | Found a sacrificial altar of Ru.
 12221 | D:10     | Found a blossoming altar of Fedhas.
 12235 | D:10     | Noticed an oklob plant
 12435 | D:10     | Killed an oklob plant
 12690 | D:10     | Reached ** piety under Qazlal
 12888 | D:10     | Found a glowing silver altar of Zin.
 12933 | Lair:1   | Entered Level 1 of the Lair of Beasts
 13039 | Lair:1   | Reached XP level 12. HP: 59/89 MP: 0/0
 13046 | Lair:1   | Reached skill level 5 in Maces & Flails
 13365 | Lair:1   | Reached skill level 5 in Shapeshifting
 13455 | Lair:1   | You are sucked into a shaft and drop 1 floor!
 13463 | Lair:2   | Noticed a skyshark
 13470 | Lair:2   | Killed a skyshark
 13471 | Lair:2   | Identified the +2 ring mail of Enicejit {Rampage rN++}
 13517 | Lair:2   | Noticed Sonja
 13525 | Lair:2   | Killed Sonja
 13574 | Lair:2   | Found a dark tunnel.
 13583 | Volcano  | Entered a volcano
 13606 | Volcano  | Reached *** piety under Qazlal
 13607 | Volcano  | Reached skill level 10 in Fighting
 13722 | Volcano  | Noticed a hell knight
 13829 | Volcano  | Killed from afar by a molten gargoyle

Illustrated notes

Levels and vault maps discovered:
D:1:      psy_arrival_radial02, layout_basic, serial_rivers,
          chequers_serial_rivers_micro_c, chequers_serial_rivers_marsh,
          chequers_serial_rivers_small_3, chequers_serial_rivers_large_b,
          chequers_serial_rivers_micro_d
D:2:      layout_basic
D:3:      layout_basic, nicolae_overflow_ecumenical_swirl,
          ebering_ecumenical_altar_abandoned, grunt_decor_cap, uniq_grinder
D:4:      layout_layer_cave, grunt_ministairs_13, nicolae_specific_store,
          uniq_robin
D:5:      layout_loops_ring, mainiacjoe_overflow_cross_hatched,
          lemuel_round_altar, minmay_temple_entry_hall,
          kennysheep_generic_room_12, uniq_edmund
D:6:      layout_gridville, gammafunk_temple_overflow_wave,
          nicolae_shop_firing_range
D:7:      layout_basic
D:8:      layout_gridville, special_room [special_room_kobold]
D:9:      due_megacathedral, layout_loops_ring, mainiacjoe_overflow_brackets,
          gammafunk_temple_overflow_pools, minmay_quadrilaterals
D:10:     layout_loops_cross, old_standard_altar, zin_statuary, tgw_fedhas,
          lair_entry_dummy, uniq_maggie
Temple:   hellmonk_temple_of_storms
Lair:1:   layout_cave_pods, minmay_holes, serial_bayou_shore_b
Lair:2:   layout_chaotic_city, mainiacjoe_shoals_entry_four_pools,
          nicolae_spider_entry_orb_guardian, nicolae_volcano_entry_s_turn,
          uniq_erica, uniq_sonja
Volcano:  hellmonk_zot_springs

Skill      XL: |  1  2  3  4  5  6  7  8  9 10 11 12 |
---------------+-------------------------------------+-----
Fighting       | 1 2 3 4 5 6 7 9 10 | 10.1
Armour         | 1 2 |  2.2
Maces & Flails | 1 2 3 4 5 |  5.5
Dodging        | 3 4 5 6 7 8 |  8.0
Spellcasting   | 4 5 6 7 8 |  8.4
Conjurations   | 4 5 6 7 8 |  8.4
Hexes          | 4 5 6 7 8 |  8.4
Summonings     | 4 5 6 7 8 |  8.4
Necromancy     | 4 5 6 7 8 |  8.4
Translocations | 4 5 6 7 8 |  8.4
Fire Magic     | 4 5 6 7 8 |  8.4
Ice Magic      | 4 5 6 7 8 |  8.4
Air Magic      | 4 5 6 7 8 |  8.4
Earth Magic    | 4 5 6 7 8 |  8.4
Alchemy        | 4 5 6 7 8 |  8.4
Evocations     | 1 2 3 4 5 6 |  6.7
Shapeshifting  | 1 2 3 4 5 |  5.3
Shields        | 1 3 4 |  4.3
Stealth        | |  1.5
Invocations    | |  0.3

Action                     |  1- 3 |  4- 6 |  7- 9 | 10-12 || total
---------------------------+-------+-------+-------+-------++-------
  Melee: Short sword       |     6 |     5 |       |       ||    11
         Punch             |     1 |       |       |       ||     1
         Great mace        |       |    17 |    70 |   144 ||   231
   Cast: Foxfire           |    77 |    81 |   105 |   111 ||   374
         Scorch            |    15 |     4 |    38 |    35 ||    92
         Sting             |     1 |     2 |     3 |    12 ||    18
         Volatile Blastmot |     1 |       |    11 |    10 ||    22
         Tukima's Dance    |       |       |    46 |    59 ||   105
         Call Imp          |       |       |    17 |     4 ||    21
         Anguish           |       |       |     5 |     5 ||    10
         Flame Wave        |       |       |     2 |    26 ||    28
         Iskenderun's Myst |       |       |       |    67 ||    67
         Inner Flame       |       |       |       |     3 ||     3
  Evoke: Wand              |       |       |     1 |     1 ||     2
         Box of beasts     |       |       |       |     1 ||     1
    Use: Scroll            |       |       |       |    19 ||    19
         Potion            |       |       |       |     4 ||     4
   Stab: Sleeping          |       |     1 |     2 |     2 ||     5
 Armour: Robe              |     5 |    17 |    75 |    34 ||   131
         Troll leather arm |       |       |       |    98 ||    98
  Dodge: Dodged            |    14 |     9 |    68 |   180 ||   271
  Block: Other             |       |       |       |     7 ||     7
